 Dungeon Crawl Stone Soup version 0.26-a0-244-g083ca260ac (webtiles) character file.

Game seed: 13201726376321768881

1789 MrRokkomies the Slasher (level 9, 0/71 HPs)
             Began as a Human Gladiator on July 8, 2020.
             Was an Elder of Zin.
             Slain by a wight
             ... wielding a cursed +0 flail
              (3 damage)
             ... on level 7 of the Dungeon.
             The game lasted 00:15:12 (9584 turns).

MrRokkomies the Slasher (Human Gladiator)           Turns: 9584, Time: 00:15:13

Health: 0/71       AC:  7    Str: 15    XL:     9   Next: 29%
Magic:  12/12      EV: 13    Int: 11    God:    Zin [****..]
Gold:   280        SH:  0    Dex: 21    Spells: 8/8 levels left

rFire    . . .     SeeInvis .   a - +0 scimitar
rCold    + . .     Faith    .   (no shield)
rNeg     . . .     Spirit   .   k - +0 ring mail
rPois    .         Reflect  .   c - +1 helmet
rElec    .         Harm     .   (no cloak)
rCorr    .                      (no gloves)
MR       .....                  (no boots)
Stlth    +.........             (no amulet)
HPRegen  0.21/turn              A - +6 ring of dexterity
MPRegen  0.13/turn              v - ring of protection from cold

@: starving, heavily drained
A: no striking features
a: Recite, Vitalisation, Imprison, Donate Gold, Renounce Religion


You were on level 7 of the Dungeon.
You worshipped Zin.
Zin was greatly pleased with you.
You were starving.

You visited 1 branch of the dungeon, and saw 7 of its levels.
You also visited: Sewer.

You collected 361 gold pieces.
You spent 45 gold pieces at shops.
You donated 36 gold pieces to Zin.

Inventory:

Hand Weapons
 a - a +0 scimitar (weapon)
 w - a +4 long sword
 y - a +0 shortbow
 C - a +0 hand crossbow
Missiles
 f - 8 javelins
 p - 114 arrows
 q - 6 silver boomerangs
 t - 30 poisoned darts (quivered)
 D - 8 boomerangs
Armour
 b - a +0 leather armour
 c - a +1 helmet (worn)
 k - a +0 ring mail (worn)
Jewellery
 g - an uncursed ring of fire
 i - an uncursed ring of see invisible
 r - an uncursed ring of fire
 v - a ring of protection from cold (right hand)
 A - a +6 ring of dexterity (left hand)
Scrolls
 d - a scroll of identify
 j - 2 scrolls of teleportation
 s - 2 scrolls of remove curse
 x - a scroll of magic mapping
 z - a scroll of silence {unknown}
 B - a scroll of enchant weapon {unknown}
Potions
 e - 2 potions of heal wounds
 h - 2 potions of brilliance
 l - 3 potions of stabbing
 m - a potion of magic
 n - 3 potions of might {unknown}
 o - 7 potions of curing
 u - 2 potions of flight {unknown}


   Skills:
 * Level 6.9(5.1) Fighting
 * Level 7.3(5.5) Long Blades
 - Level 2.0(0.4) Throwing
 + Level 5.5(3.7) Dodging
 + Level 4.4(2.7) Invocations


You had 8 spell levels left.
You didn't know any spells.
Your spell library contained the following spells:

 Spells                   Type           Power        Failure   Level
 Animate Skeleton         Necr           N/A          56%         1
 Apportation              Tloc           #.....       56%         1
 Corona                   Hex            #......      56%         1
 Summon Small Mammal      Summ           #...         56%         1
 Ensorcelled Hibernation  Hex/Ice        #.....       71%         2
 Slow                     Hex            #.......     71%         2
 Confusing Touch          Hex            #.......     91%         3
 Dazzling Flash           Conj/Hex       #.....       91%         3
 Inner Flame              Hex/Fire       #.......     91%         3
 Portal Projectile        Hex/Tloc       #.....       91%         3
 Tukima's Dance           Hex            #.......     91%         3
 Cause Fear               Hex            #.........   100%        4
 Leda's Liquefaction      Hex/Erth       #.........   100%        4


Dungeon Overview and Level Annotations

Branches:
Dungeon (7/15)             Temple (0/1) D:4           Sewer (visited)

Altars:
Elyvilon
Gozag
Nemelex Xobeh
Qazlal
Sif Muna
Zin

Shops:
D:4 ?


Message History

The wight is almost destroyed.
The wight hits you with a cursed +0 flail!
* * * LOW HITPOINT WARNING * * *
The wight misses you.
You riposte.
You closely miss the wight.
The wight is almost destroyed.
You hit the wight but do no damage.
The wight is almost destroyed.
The wight hits you with a cursed +0 flail.
* * * LOW HITPOINT WARNING * * *
The wight misses you.
You closely miss the wight.
The wight is almost destroyed.
The wight hits you but does no damage. The wight hits you with a +0 scimitar!
* * * LOW HITPOINT WARNING * * *
You feel drained.
* * * LOW HITPOINT WARNING * * *
You barely miss the wight.
The wight is almost destroyed.
The wight hits you with a cursed +0 flail.
You die...

####.....#....######
#.....#.#..#
#...#......#
##..#.#(#..#
#.#.#..# # #.#..#
#.#).# #z#..# #@#..#
#z...# ......##)##
#####. #.# #. #+# ..
.. ...


You could see 2 wights.

Vanquished Creatures
  Prince Ribbit (D:5)
  Edmund (D:5)
  An orc warrior (D:6)
  2 sky beasts (D:6)
  An ice beast (D:5)
  A phantom (D:5)
  2 centaurs (D:5)
  2 scorpions
  2 wights (D:7)
  2 orc priests (D:6)
  2 orc wizards
  A bullfrog skeleton (D:4)
  4 iguanas
  3 worker ants (D:5)
  A worker ant zombie (D:7)
  9 adders
  5 gnolls
  4 river rats (Sewer)
  2 white imps (D:5)
  3 oozes
  An adder skeleton (D:6)
  4 worms
  4 dart slugs
  3 leopard geckos
  16 orcs
  10 ball pythons
  10 giant cockroaches
  5 goblins
  3 hobgoblins
  10 jackals
  24 kobolds
  2 quokkas
  5 bats
  3 frilled lizards
  A jackal skeleton (D:6)
  27 rats
177 creatures vanquished.

Vanquished Creatures (others)
  A quokka (D:5)
1 creature vanquished.

Grand Total: 178 creatures vanquished

Notes
Turn   | Place    | Note
-------+----------+-------------------------------------------
     0 | D:1      | MrRokkomies the Human Gladiator began the quest for the
                  | Orb.
     0 | D:1      | Reached XP level 1. HP: 16/16 MP: 1/1
   114 | D:1      | Reached XP level 2. HP: 7/22 MP: 2/2
   448 | D:1      | Reached XP level 3. HP: 10/28 MP: 3/3
  1201 | D:1      | Reached XP level 4. HP: 10/34 MP: 4/4
  1680 | D:2      | Found a faded altar of an unknown god.
  1699 | D:2      | Became a worshipper of Zin the Law-Giver
  1699 | D:2      | Reached * piety under Zin
  1826 | D:2      | Reached ** piety under Zin
  1840 | D:2      | Found a stormy altar of Qazlal.
  1842 | D:2      | Noticed an air elemental
  1842 | D:2      | Noticed an earth elemental
  1843 | D:2      | Noticed a water elemental
  1843 | D:2      | Noticed a fire elemental
  1872 | D:2      | Reached skill level 4 in Long Blades
  2054 | D:2      | Reached XP level 5. HP: 37/41 MP: 5/5
  2647 | D:3      | Reached skill level 1 in Invocations
  3397 | D:3      | Reached XP level 6. HP: 48/48 MP: 6/6
  3530 | D:4      | Found a shimmering blue altar of Sif Muna.
  3532 | D:4      | Found a sparkling altar of Nemelex Xobeh.
  3827 | D:4      | Reached *** piety under Zin
  3845 | D:4      | Found a glowing drain.
  3859 | Sewer    | Entered a sewer
  4810 | D:4      | Found a staircase to the Ecumenical Temple.
  4825 | D:4      | Reached skill level 5 in Long Blades
  4947 | D:4      | Found an opulent altar of Gozag.
  5048 | D:4      | Found Mujuh's Magic Scroll Emporium.
  5052 | D:4      | Bought a scroll of magic mapping for 45 gold pieces
  5528 | D:5      | Entered Level 5 of the Dungeon
  5671 | D:5      | Reached XP level 7. HP: 35/55 MP: 8/8
  5852 | D:5      | Noticed Edmund
  5874 | D:5      | Killed Edmund
  6041 | D:5      | Noticed Prince Ribbit
  6062 | D:5      | Killed Prince Ribbit
  6062 | D:5      | Reached skill level 5 in Fighting
  6062 | D:5      | Reached XP level 8. HP: 60/62 MP: 8/10
  6229 | D:5      | Reached skill level 6 in Long Blades
  7117 | D:5      | Found a white marble altar of Elyvilon.
  7742 | D:6      | Reached **** piety under Zin
  7762 | D:6      | Reached skill level 5 in Dodging
  7872 | D:6      | HP: 3/64 [orc/+0 flail (1)]
  7874 | D:6      | Zin protects you from harm!
  8115 | D:6      | Reached XP level 9. HP: 57/71 MP: 10/12
  8232 | D:6      | Reached skill level 7 in Long Blades
  8741 | D:6      | Found a glowing silver altar of Zin.
  9583 | D:7      | HP: 3/71 [wight/+0 scimitar (10)]
  9584 | D:7      | Slain by a wight

Illustrated notes

Levels and vault maps discovered:
D:1:      psy_arrival_radial02, layout_rooms
D:2:      layout_rooms, nicolae_qazlal_style_of_elements,
          chequers_ecumenical_altar_simple, first_ration
D:3:      layout_basic, st_stairs_11
D:4:      layout_basic, overflow_temple_1_default,
          nicolae_overflow_hidden_temple, minmay_temple_entry_waves,
          serial_shops, shop, portal_sewer_entry_f, interstate_on_off
D:5:      layout_layer_cave, chequers_serial_rivers_micro_e, elyvilon_altar_4,
          uniq_prince_ribbit1, uniq_edmund
D:6:      layout_basic, lemuel_crystal_altar, kennysheep_generic_room_9
D:7:      layout_basic, old_standard_altar, kennysheep_generic_room_2

Skill      XL: |  1  2  3  4  5  6  7  8  9 |
---------------+----------------------------+-----
Fighting       | 3 4 5 6 |  6.9
Long Blades    | 4 5 6 7 |  7.3
Invocations    | 1 2 4 |  4.4
Dodging        | 4 5 |  5.5
Throwing       | |  2.0

Action                   |  1- 3 |  4- 6 |  7- 9 || total
-------------------------+-------+-------+-------++-------
Melee: Long sword        |    64 |    31 |    98 ||   193
       Scimitar          |       |   259 |   135 ||   394
Throw: Dart              |       |       |    28 ||    28
       Throwing net      |       |       |     4 ||     4
  Use: Scroll            |     6 |     9 |       ||    15
       Potion            |     1 |       |     6 ||     7
 Stab: Invisible         |       |     1 |       ||     1
       Held in net/web   |       |       |     1 ||     1
       Sleeping          |       |       |     5 ||     5
       Distracted        |       |       |     1 ||     1
  Eat: Ration            |     1 |     4 |     2 ||     7
Armor: Leather armour    |    24 |     9 |       ||    33
       Ring mail         |       |   122 |    54 ||   176
Dodge: Dodged            |    60 |   228 |   131 ||   419
       Rpst.: Long sword |    13 |    12 |    11 ||    36
       Scimitar          |       |    67 |    24 ||    91

Table legend:
 A = Non-vault XP
 B = Vault XP
 C = Vault XP percentage of total XP
 D = Non-vault monster count
 E = Vault monster count
 F = Vault count percentage of total count
                 A         B        C        D         E       F
            +---------+---------+-------+---------+---------+-------
      Total |    1929 |     627 |  24.5 |     119 |      58 |  32.8
            +---------+---------+-------+---------+---------+-------
        D:1 |      69 |       0 |   0.0 |      22 |       0 |   0.0
        D:2 |      82 |       0 |   0.0 |      23 |       0 |   0.0
        D:3 |      73 |      47 |  39.2 |      24 |       4 |  14.3
        D:4 |      90 |       8 |   8.2 |       8 |       4 |  33.3
        D:5 |     716 |     443 |  38.2 |      17 |       2 |  10.5
        D:6 |     700 |       0 |   0.0 |      21 |       0 |   0.0
        D:7 |     199 |       0 |   0.0 |       4 |       0 |   0.0
      Sewer |       0 |     129 | 100.0 |       0 |      48 | 100.0
            +---------+---------+-------+---------+---------+-------
